 Dungeon Crawl Stone Soup version 0.20-a0-700-gbd4582c (webtiles) character file.

59 polly the Shield-Bearer (level 4, 0/29 HPs)
             Began as a Gargoyle Fighter on Feb 20, 2017.
             Slain by Crazy Yiuf
             ... wielding a +4 quarterstaff of chaos
              (4 damage)
             ... on level 2 of the Dungeon.
             The game lasted 00:01:22 (1842 turns).

polly the Shield-Bearer (Gargoyle Fighter)          Turns: 1842, Time: 00:01:23

Health: 0/29       AC: 12    Str: 25    XL:     4   Next: 3%
Magic:  4/4        EV:  6    Int:  8    God:
Gold:   34         SH: 10    Dex: 10    Spells: 3/3 levels left

rFire    . . .     SeeInvis .   a - +0 flail
rCold    . . .     Gourm    .   h - +0 chain mail
rNeg     + . .     Faith    .   c - +0 shield
rPois    ∞         Spirit   .   (no helmet)
rElec    +         Reflect  .   (no cloak)
rCorr    .         Harm     .   (no gloves)
MR       .....                  (no boots)
Stlth    ..........             (no amulet)
Regen    0.1/turn               (no ring)
MPRegen  0.1/turn               (no ring)

@: mighty, slowed, very slow
A: negative energy resistance 1, electricity resistance, unbreathing,
petrification resistance, rot immunity, AC +3
a: no special abilities


You were on level 2 of the Dungeon.
You were not hungry.

You visited 1 branch of the dungeon, and saw 2 of its levels.

You collected 34 gold pieces.

Inventory:

Hand Weapons
 a - a +0 flail (weapon)
Armour
 b - a +0 scale mail
 c - a +0 shield (worn)
 h - a +0 chain mail (worn)
Scrolls
 e - a scroll of magic mapping {unknown}
 k - 4 scrolls of identify {unknown}
 m - a scroll of teleportation {unknown}
 n - a scroll of amnesia {unknown}
 o - a scroll of noise {unknown}
Potions
 f - a potion of degeneration {unknown}
 g - a potion of haste {unknown}
 i - a potion of heal wounds
 j - 2 potions of curing {unknown}
 l - 2 potions of brilliance {unknown}
 p - a potion of flight {unknown}


   Skills:
 + Level 3.8 Fighting
 + Level 2.6 Maces & Flails
 + Level 3.6 Armour
 + Level 0.2 Dodging
 + Level 4.0 Shields


You had 3 spell levels left.
You didn't know any spells.

Dungeon Overview and Level Annotations

Branches:
Dungeon (2/15)

Altars:

Annotations:
D:2 Crazy Yiuf


Innate Abilities, Weirdness & Mutations

You are resistant to torment.
Your stone body is resilient. (AC +3)
You are immune to poison.
You resist negative energy. (rN+)
You are resistant to electric shocks. (rElec)
You can survive without breathing.
You are immune to petrification.
You are immune to rotting.


Message History

Crazy Yiuf hits you but does no damage. x2
You closely miss Crazy Yiuf.
Crazy Yiuf is moderately wounded.
Crazy Yiuf closely misses you.
Crazy Yiuf hits you with a quarterstaff of chaos!
You hit Crazy Yiuf.
Crazy Yiuf is heavily wounded.
You block Crazy Yiuf's attack. Crazy Yiuf hits you but does no damage.
You feel very mighty all of a sudden. You block Crazy Yiuf's attack.
Crazy Yiuf laughs, "Key seventy hand!"
Crazy Yiuf hits you but does no damage.
You sock Crazy Yiuf!
Crazy Yiuf is almost dead.
Crazy Yiuf drinks a potion.
Crazy Yiuf is healed!
You closely miss Crazy Yiuf. Crazy Yiuf hits you but does no damage.
Crazy Yiuf hits you with a quarterstaff of chaos!
* * * LOW HITPOINT WARNING * * *
Crazy Yiuf freezes you.
You die...

#.# ##..## #.# #. #.#
♣....♣ #.# #. #.#
♣♣...♣ #.# #. #.# ♣♣.♣♣
#.####. #.# ♣♣.♣
######...... ###.###
♣.♣♣ #.......###.
#.....# ♣♣.♣
#........... #.....#
♣.♣♣ #######.####
#.....# #@# #.# #
#.....# #.g.# #.# #
#.....# #...# #.# ##
###.### #)..# #.###.
##.## ##### #.##..
##.#.###### ### #.....
#.###.....###########.#
####..
##.#.#####.#.....##.#.#
##. ##.##
#...####...#.# ##


You could see Crazy Yiuf.

Vanquished Creatures
  An adder (D:2)
  2 oozes (D:2)
  2 worms (D:2)
  A dart slug (D:1)
  A leopard gecko (D:2)
  A ball python (D:2)
  3 giant cockroaches
  2 hobgoblins
  4 jackals (D:2)
  A quokka (D:2)
  3 bats
  3 frilled lizards
  5 goblins
  A kobold (D:2)
  4 rats
34 creatures vanquished.

Notes
Turn   | Place    | Note
-------+----------+-------------------------------------------
     0 | D:1      | polly the Gargoyle Fighter began the quest for the Orb.
     0 | D:1      | Reached XP level 1. HP: 14/14 MP: 1/1
   456 | D:1      | Reached XP level 2. HP: 19/19 MP: 2/2
   889 | D:2      | Found a runed door.
  1013 | D:2      | Reached XP level 3. HP: 24/24 MP: 3/3
  1654 | D:2      | Reached skill level 4 in Shields
  1654 | D:2      | Reached XP level 4. HP: 26/29 MP: 4/4
  1832 | D:2      | Noticed Crazy Yiuf
  1842 | D:2      | Slain by Crazy Yiuf

Vault maps used:
D:1:      matt_arrival_spirals
D:2:      uniq_crazy_yiuf_cottage

Skill      XL: |  1  2  3 |
---------------+----------+-----
Shields        | 4 |  4.0
Fighting       | |  3.8
Maces & Flails | |  2.6
Armour         | |  3.6
Dodging        | |  0.2

Action                   |  1- 3 |  4- 6 || total
-------------------------+-------+-------++-------
Melee: Flail             |   172 |     8 ||   180
  Use: Potion            |       |     1 ||     1
  Eat: Bread ration      |     1 |       ||     1
Armor: Scale mail        |    22 |       ||    22
       Chain mail        |   107 |     5 ||   112
Dodge: Dodged            |    59 |     2 ||    61
Block: Shield            |    93 |     3 ||    96
